 Dungeon Crawl Stone Soup version 0.17.0-28-g6e173f8 (webtiles) character file.

381 sugabear the Shield-Bearer (level 6, -3/38 HPs)
             Began as a Gargoyle Fighter on Nov 29, 2015.
             Was an Initiate of Kikubaaqudgha.
             Slain by an orc
             ... wielding a +0 mace
              (4 damage)
             ... on level 4 of the Dungeon.
             The game lasted 00:04:19 (2615 turns).

sugabear the Shield-Bearer (Gargoyle Fighter)       Turns: 2615, Time: 00:04:19

Health: -3/38      AC: 11    Str: 20    XL:     6   Next: 75%
Magic:  8/8        EV: 10    Int: 16    God:    Kikubaaqudgha [......]
Gold:   84         SH:  9    Dex:  9    Spells: 0 memorised, 8 levels left

rFire  . . .     SeeInvis .     a - +0 war axe
rCold  . . .     Clarity  .     b - +0 scale mail
rNeg   + . .     SustAt   .     c - +0 shield
rPois  ∞         Gourm    .     (no helmet)
rElec  +         Spirit   .     (no cloak)
rCorr  .         Warding  .     (no gloves)
rMut   .         Stasis   .     (no boots)
MR     .....                    (no amulet)
Stlth  ..........               p - +2 ring of evasion
                                k - +6 ring of intelligence

@: not resistant to hostile enchantments, extremely unstealthy
A: negative energy resistance 1, electricity resistance, unbreathing,
petrification resistance, rot immunity, AC +4
a: Renounce Religion


You were on level 4 of the Dungeon.
You worshipped Kikubaaqudgha.
Kikubaaqudgha was noncommittal.
You were not hungry.

You visited 1 branch of the dungeon, and saw 4 of its levels.

You collected 84 gold pieces.

Inventory:

Hand Weapons
 a - a +0 war axe (weapon)
Armour
 b - a +0 scale mail (worn)
 c - a +0 shield (worn)
Jewellery
 k - a +6 ring of intelligence (left hand)
 p - a +2 ring of evasion (right hand)
 q - an uncursed ring of fire
 v - an uncursed ring of flight {unknown}
Scrolls
 g - 3 scrolls of remove curse {unknown}
 h - a scroll of blinking {unknown}
 i - 2 scrolls of identify {unknown}
 l - a scroll of recharging {unknown}
 m - 2 scrolls of teleportation {unknown}
 n - a scroll of random uselessness {unknown}
 o - 3 scrolls of enchant weapon {unknown}
 t - a scroll of enchant armour {unknown}
Potions
 d - a potion of might
 f - 2 potions of curing {unknown}
 j - a potion of flight {unknown}
 r - a potion of ambrosia {unknown}
 u - 2 potions of brilliance {unknown}
Comestibles
 e - 3 bread rations
 s - 2 chunks of flesh


   Skills:
 + Level 4.2 Fighting
 + Level 3.3 Axes
 + Level 4.1 Armour
 + Level 1.7 Dodging
 + Level 0.2 Stealth
 + Level 4.5 Shields
 * Level 1.6 Spellcasting
 * Level 1.0 Necromancy


You had 8 spell levels left.
You didn't know any spells.

Dungeon Overview and Level Annotations

Branches:
Dungeon (4/15)
 Temple: D:4-7

Altars:
Cheibriados
Kikubaaqudgha


Innate Abilities, Weirdness & Mutations

You are resistant to torment.
Your stone body is resilient (AC +4).
You are immune to poison.
You resist negative energy.
You are resistant to electric shocks.
You can survive without breathing.
You are immune to petrification.
You are immune to rotting.


Message History

An orc comes into view. It is wielding a mace.
You slash the orc priest!
You kill the orc priest!
Kikubaaqudgha accepts your kill.
You hit the orc wizard but do no damage.
The orc wizard is severely wounded.
You block the orc wizard's attack.
Unknown command.
You hit the orc wizard.
The orc wizard is almost dead.
You closely miss the orc. The orc wizard completely misses you.
The orc hits you with a mace.
* * * LOW HITPOINT WARNING * * *
Unknown command.
You hit the orc wizard.
You kill the orc wizard!
Kikubaaqudgha accepts your kill.
You closely miss the orc. The orc hits you with a mace.
You die...
Kikubaaqudgha rasps: "You have failed me!
Welcome... oblivion!"

##### # #...#.#
#.#####.#.#.#
#..o@...!<..#
#.....[).....####.#
#.#.........<.....#
.....#.#####.######
..#.##. !... #...
#. ##.#.# #.# #.
#.#.# #. #. ..# #
###


You could see an orc.

Vanquished Creatures
  The ghost of momplestiltskin the Chopper, an amateur HOFi (D:3)
  A scorpion (D:3)
  2 orc wizards
  An orc priest (D:4)
  7 adders
  An ooze (D:1)
  3 worms
  2 giant geckos
  6 orcs
  5 bats
  4 giant cockroaches
  8 goblins
  8 hobgoblins
  5 jackals
  2 quokkas
  2 giant newts
  6 kobolds
  3 rats
67 creatures vanquished.

Notes
Turn   | Place    | Note
--------------------------------------------------------------
     0 | D:1      | sugabear the Gargoyle Fighter began the quest for the Orb.
     0 | D:1      | Reached XP level 1. HP: 14/14 MP: 1/1
    31 | D:1      | Reached XP level 2. HP: 19/19 MP: 2/2
   320 | D:1      | Reached XP level 3. HP: 24/24 MP: 3/3
   749 | D:3      | Noticed momplestiltskin's ghost (amateur HOFi)
   881 | D:2      | Reached XP level 4. HP: 25/29 MP: 4/4
   938 | D:2      | Found a faded altar to an unknown god.
  1086 | D:2      | Found an ancient bone altar of Kikubaaqudgha.
  1094 | D:2      | Became a worshipper of Kikubaaqudgha
  1559 | D:3      | Killed momplestiltskin's ghost
  1559 | D:3      | Reached skill level 4 in Fighting
  1559 | D:3      | Reached skill level 1 in Dodging
  1559 | D:3      | Reached skill level 1 in Spellcasting
  1559 | D:3      | Reached XP level 5. HP: 4/33 MP: 4/6
  1909 | D:4      | Noticed an ogre
  1927 | D:3      | Reached XP level 6. HP: 29/38 MP: 7/7
  2289 | D:3      | Reached skill level 1 in Necromancy
  2347 | D:3      | Found a snail-covered altar of Cheibriados.
  2614 | D:4      | HP: 1/38 [orc/mace (2)]
  2615 | D:4      | Slain by an orc

Action                   |  1- 3 |  4- 6 || total
-------------------------+-------+-------++-------
Melee: War axe           |    97 |   201 ||   298
  Use: Potion            |       |     1 ||     1
  Eat: Chunk             |       |     6 ||     6
